 Dungeon Crawl Stone Soup version 0.21-a0-404-g291f19a (webtiles) character file.

1792 tin111 the Covered (level 8, -2/76 HPs)
             Began as a Deep Dwarf Fighter on Oct 31, 2017.
             Was a Believer of Makhleb.
             Killed by divine providence
             ... invoked by an orc priest
              (12 damage)
             ... on level 7 of the Dungeon.
             The game lasted 00:20:52 (4950 turns).

tin111 the Covered (Deep Dwarf Fighter)             Turns: 4950, Time: 00:20:52

Health: -2/76      AC: 13    Str: 27      XL:     8   Next: 82%
Magic:  9/9        EV:  8    Int:  9      God:    Makhleb [**....]
Gold:   311        SH:  5    Dex: 12 (13) Spells: 7/7 levels left

rFire    + + .     SeeInvis +   a - +0 war axe
rCold    + . .     Gourm    .   y - +0 buckler
rNeg     . . .     Faith    +   B - +0 chain mail of the Wumpus {+Fly Regen+ SInv}
rPois    +         Spirit   .   m - +0 helmet
rElec    .         Reflect  .   d - scarf {rC+ rF+}
rCorr    .         Harm     .   i - +0 pair of gloves
MR       +....                  (no boots)
Stlth    ..........             D - amulet of faith
HPRegen  0.00/turn              E - ring of Xom's Esteem {rPois rF+ SInv Stlth-}
MPRegen  0.11/turn              x - +6 ring of strength

@: non-regenerating
A: damage resistance, heal wounds, sense surroundings 1, no regeneration
a: Heal Wounds, Minor Destruction, Renounce Religion, Evoke Flight


You were on level 7 of the Dungeon.
You worshipped Makhleb.
Makhleb was pleased with you.
You were not hungry.

You visited 1 branch of the dungeon, and saw 7 of its levels.

You collected 374 gold pieces.
You spent 63 gold pieces at shops.

Inventory:

Hand Weapons
 a - a +0 war axe (weapon)
 M - a +1 trident of piercing
Missiles
 s - 2 javelins of returning (quivered)
Armour
 d - a scarf of resistance (worn)
 i - a +0 pair of gloves (worn)
 m - a +0 helmet (worn)
 r - a +0 cloak
 y - a +0 buckler (worn)
 B - the +0 chain mail of the Wumpus (worn) {+Fly Regen+ SInv}
   (You found it on level 4 of the Dungeon)

   It lets you see invisible.
   It lets you fly.
   It increases your rate of regeneration.
Jewellery
 t - a +5 ring of dexterity
 x - a +6 ring of strength (right hand)
 D - an amulet of faith (around neck)
 E - the ring of Xom's Esteem (left hand) {rPois rF+ SInv Stlth-}
   (You found it on level 5 of the Dungeon)

   [ring of see invisible]

   It protects you from fire.
   It protects you from poison.
   It lets you see invisible.
   It makes you less stealthy.
Wands
 H - a wand of confusion (9/48)
Scrolls
 c - a scroll of remove curse
 g - 2 scrolls of noise {unknown}
 j - 2 scrolls of teleportation
 k - 2 scrolls of random uselessness {unknown}
 l - 5 scrolls of blinking
 o - a scroll of magic mapping {unknown}
 p - a scroll of enchant weapon {unknown}
 C - a scroll of brand weapon {unknown}
 F - a scroll of immolation {unknown}
 N - 2 scrolls of identify
Potions
 e - 2 potions of flight
 n - a potion of invisibility
 u - a potion of lignification
 v - a potion of haste
 w - 2 potions of cancellation
 A - 2 potions of berserk rage
 G - a potion of mutation
 J - a potion of brilliance {unknown}
 L - a potion of heal wounds
Books
 b - a book of Transfigurations

   Spells                             Type                      Level
   a - Irradiate                      Conjuration/Transmutation    5
   b - Statue Form                    Transmutation/Earth          6
   c - Hydra Form                     Transmutation                6
   d - Dragon Form                    Transmutation                7
Comestibles
 f - 5 bread rations
 h - 5 meat rations
 q - 4 royal jellies
 z - 8 fruits
 I - 2 chunks of flesh


   Skills:
 + Level 5.9 Fighting
 + Level 6.7 Axes
 + Level 7.4 Armour
 - Level 4.0 Shields
 + Level 6.0 Invocations


You had 7 spell levels left.
You didn't know any spells.

Dungeon Overview and Level Annotations

Branches:
Dungeon (7/15)             Temple (0/1) D:4

Altars:
Ashenzari
Dithmenos
Elyvilon
Makhleb
Qazlal
Sif Muna
Wu Jian
Xom
Zin

Shops:
D:5 [


Innate Abilities, Weirdness & Mutations

You are resistant to damage.
You can heal yourself by infusing magical energy.
You passively map a small area around you.
You do not regenerate.


Message History

The orc barely misses you.
You hit the orc but do no damage.
The orc is moderately wounded.
You hit the orc. The orc hits you but does no damage.
You block the orc's attack.
You barely miss the orc.
The orc is moderately wounded.
You barely miss the orc. The orc hits you but does no damage.
The orc barely misses you.
You barely miss the orc.
The orc is moderately wounded.
You slash the orc!
You kill the orc!
Makhleb accepts your kill.
You feel better.
The orc priest casts a cantrip, but nothing happens.
The orc hits you but does no damage.
The orc priest invokes the aid of Beogh against you.
Beogh smites you!
You die...

, ##... ,, ,, #.#.# **
, ,#.#.###.#.#** ** *
*,, #.... ..#.# * #.,
#.#?# #.#.#
#...#.#.###.#.###*
#.$ooo.o#....... , ,,
###o###o#.#.#.#########
,#.@)..#...##.......
#............#.####
#.#.#.#.#.##.#.#
#.#.#...#.##.#.#
#.#.#####.##.#.# *
#.#..........#.####
#.#######.......... #?
....###.###### ,
....###.#####.


You could see an orc priest and an orc.

Vanquished Creatures
  A hippogriff (D:7)
  Edmund (D:6)
  An orc warrior (D:7)
  The ghost of edgarallanpro the Cudgeler, an amateur MiBe of Trog (D:3)
  A phantom (D:4)
  An ogre (D:4)
  3 centaurs
  A big kobold (D:7)
  3 bullfrogs
  A crimson imp (D:3)
  A quasit (D:7)
  An orc wizard (D:7)
  A hound (D:7)
  A jelly (D:5)
  An iguana (D:5)
  Natasha (twice) (D:3)
  7 worker ants
  A worker ant zombie (D:3)
  7 gnolls
  4 adders
  A shadow imp (D:5)
  An ooze (D:2)
  2 worms (D:2)
  7 dart slugs
  6 leopard geckos
  13 orcs
  8 bats
  7 giant cockroaches
  6 hobgoblins
  A quokka (D:4)
  4 frilled lizards
  7 goblins
  2 jackal zombies (D:5)
  8 kobolds
  A quokka skeleton (D:3)
  A quokka zombie (D:6)
  9 rats
124 creatures vanquished.

Notes
Turn   | Place    | Note
-------+----------+-------------------------------------------
     0 | D:1      | tin111 the Deep Dwarf Fighter began the quest for the Orb.
     0 | D:1      | Reached XP level 1. HP: 20/20 MP: 1/1
    65 | D:1      | Reached XP level 2. HP: 22/27 MP: 2/2
   563 | D:1      | Reached skill level 4 in Armour
   937 | D:2      | Found a deep blue altar of Sif Muna.
   943 | D:2      | Reached XP level 3. HP: 33/33 MP: 2/2
  1445 | D:2      | Found a burning altar of Makhleb.
  1449 | D:2      | Reached XP level 4. HP: 32/42 MP: 3/3
  1458 | D:2      | Became a worshipper of Makhleb the Destroyer
  1928 | D:3      | Noticed edgarallanpro's ghost (amateur MiBe)
  2078 | D:3      | Killed edgarallanpro's ghost
  2078 | D:3      | Reached XP level 5. HP: 44/50 MP: 4/4
  2123 | D:3      | Noticed Natasha
  2126 | D:3      | Killed Natasha
  2151 | D:3      | Noticed Natasha
  2157 | D:3      | Killed Natasha
  2157 | D:3      | Reached skill level 5 in Armour
  2200 | D:3      | Reached XP level 6. HP: 50/57 MP: 5/5
  2581 | D:4      | Reached skill level 1 in Invocations
  2657 | D:4      | Found a staircase to the Ecumenical Temple.
  2774 | D:4      | Found a shattered altar of Ashenzari.
  2776 | D:4      | Found a glowing silver altar of Zin.
  2779 | D:4      | Found a shimmering altar of Xom.
  2840 | D:4      | Got a faintly humming chain mail
  2851 | D:4      | Identified the cursed +0 chain mail of the Wumpus {+Fly Regen+ SInv} (You found it on level 4 of the Dungeon)
  2973 | D:4      | Found a shadowy altar of Dithmenos.
  3283 | D:5      | Entered Level 5 of the Dungeon
  3297 | D:5      | Reached XP level 7. HP: 32/66 MP: 7/7
  3298 | D:5      | Found Xuaw Mui's Armour Shop.
  3310 | D:5      | Bought a +0 helmet for 63 gold pieces
  3417 | D:5      | Reached * piety under Makhleb
  3463 | D:5      | Reached skill level 5 in Axes
  3486 | D:5      | Reached skill level 6 in Armour
  3582 | D:5      | Got a coiled pewter ring
  3584 | D:5      | Identified the ring of Xom's Esteem {rPois rF+ SInv Stlth-} (You found it on level 5 of the Dungeon)
  3708 | D:5      | Found an ornate altar of the Wu Jian Council.
  4036 | D:6      | Found a stormy altar of Qazlal.
  4054 | D:6      | Reached skill level 5 in Fighting
  4054 | D:6      | Reached XP level 8. HP: 23/74 MP: 8/10
  4102 | D:6      | Noticed Edmund
  4118 | D:6      | Killed Edmund
  4325 | D:6      | Got an encrusted leather armour
  4336 | D:6      | Identified the +1 leather armour of Nithrafu {rCorr Int+2} (You found it on level 6 of the Dungeon)
  4603 | D:6      | You fall through a shaft!
  4689 | D:7      | Reached skill level 5 in Invocations
  4696 | D:7      | Reached ** piety under Makhleb
  4838 | D:7      | Reached skill level 7 in Armour
  4860 | D:7      | Found a white marble altar of Elyvilon.
  4886 | D:7      | Noticed a hippogriff
  4897 | D:7      | Killed a hippogriff
  4950 | D:7      | Killed from afar by an orc priest

Vault maps used:
D:1:      dpeg_arrival_rhombus, minmay_hedge_maze
D:2:      minmay_door_path, lemuel_crystal_altar, overflow_temple_1_default,
          grunt_ministairs_14
D:3:      uniq_natasha
D:4:      nicolae_overflow_hidden_temple, minmay_overflow_temple_star_quad,
          lemuel_temple_firewalk_b, hangedman_decor_clover_reticule,
          grunt_ministairs_10
D:5:      nicolae_overflow_crystal_walls, serial_shops, shop, first_bread,
          hangedman_abyss_or_decor_stagger
D:6:      grunt_qazlal_sundering, uniq_edmund
D:7:      kennysheep_mini_moat, serial_shops, shop_fountains,
          uniq_crazy_yiuf_cottage

Skill      XL: |  1  2  3  4  5  6  7  8 |
---------------+-------------------------+-----
Armour         | 4 5 6 7 |  7.4
Fighting       | 3 4 5 |  5.9
Axes           | 3 4 5 6 |  6.7
Shields        | 4 |  4.0
Invocations    | 2 4 6 |  6.0

Action                   |  1- 3 |  4- 6 |  7- 9 || total
-------------------------+-------+-------+-------++-------
Melee: War axe           |   118 |   129 |   192 ||   439
       Unarmed           |       |     4 |       ||     4
Throw: Javelin           |       |       |     2 ||     2
Invok: Minor Destruction |       |       |     4 ||     4
 Abil: Heal Wounds       |     1 |     1 |     5 ||     7
  Use: Potion            |       |     1 |     1 ||     2
       Scroll            |       |    11 |     2 ||    13
  Eat: Chunk             |     1 |     6 |     5 ||    12
       Fruit             |       |       |     2 ||     2
Armor: Scale mail        |    42 |    40 |       ||    82
       Skin              |       |     3 |       ||     3
       Chain mail        |       |    29 |   115 ||   144
Dodge: Dodged            |    50 |    50 |    98 ||   198
Block: Shield            |    17 |       |       ||    17
       Buckler           |    30 |    27 |    56 ||   113

Table legend:
 A = Spawn XP
 B = Non-spawn XP
 C = Spawn XP percentage of total XP
 D = Spawn monster count
 E = Non-spawn monster count
 F = Spawn count percentage of total count
 G = Total turns spent on level
                    A         B        C        D         E        F      G
               +---------+---------+-------+---------+---------+-------+---------
         Total |       0 |    2561 |   0.0 |       0 |     124 |   0.0 |  4950
               +---------+---------+-------+---------+---------+-------+---------
           D:1 |       0 |      40 |   0.0 |       0 |      19 |   0.0 |   930
           D:2 |       0 |      79 |   0.0 |       0 |      29 |   0.0 |   915
           D:3 |       0 |     301 |   0.0 |       0 |      20 |   0.0 |   516
           D:4 |       0 |     296 |   0.0 |       0 |       5 |   0.0 |   922
           D:5 |       0 |     590 |   0.0 |       0 |      21 |   0.0 |   694
           D:6 |       0 |     402 |   0.0 |       0 |       5 |   0.0 |   626
           D:7 |       0 |     853 |   0.0 |       0 |      25 |   0.0 |   347
               +---------+---------+-------+---------+---------+-------+---------
